 Dungeon Crawl Stone Soup version 0.18.1-1-g2f07953 (webtiles) character file.

218 MDvedh the Cudgeler (level 5, -3/30 HPs)
             Began as a Gargoyle Gladiator on May 7, 2016.
             Killed from afar by an orc wizard (5 damage)
             ... with a puff of flame
             ... on level 4 of the Dungeon.
             The game lasted 00:04:12 (4318 turns).

MDvedh the Cudgeler (Gargoyle Gladiator)            Turns: 4318, Time: 00:04:13

Health: -3/30      AC: 12    Str: 19    XL:     5   Next: 95%
Magic:  5/5        EV: 11    Int:  9    God:
Gold:   137        SH:  0    Dex: 10    Spells: 0 memorised, 4 levels left

rFire  . . .     SeeInvis .     a - +0 flail
rCold  . . .     Gourm    .     r - +0 ring mail
rNeg   + . .     Faith    .     (no shield)
rPois  ∞         Spirit   .     c - +0 helmet
rElec  +         Dismiss  .     (no cloak)
rCorr  .         Reflect  .     (no gloves)
SustAt .         Harm     .     v - +1 pair of boots
MR     .....                    (no amulet)
Stlth  ..........               (no ring)
                                (no ring)

@: not resistant to hostile enchantments, extremely unstealthy
A: negative energy resistance 1, electricity resistance, unbreathing,
petrification resistance, rot immunity, AC +4
a: no special abilities


You were on level 4 of the Dungeon.
You were not hungry.

You visited 1 branch of the dungeon, and saw 4 of its levels.

You collected 137 gold pieces.

Inventory:

Hand Weapons
 a - a +0 flail (weapon)
Missiles
 d - 3 throwing nets (quivered)
Armour
 c - a +0 helmet (worn)
 r - a +0 ring mail (worn)
 v - a +1 pair of boots (worn)
Scrolls
 b - a scroll of amnesia {unknown}
 e - 2 scrolls of identify {unknown}
 i - a scroll of enchant weapon {unknown}
 j - a scroll of recharging {unknown}
 l - a scroll of remove curse {unknown}
 m - a scroll of fear {unknown}
 t - a scroll of teleportation {unknown}
Potions
 g - 4 potions of curing {unknown}
 h - 2 potions of cancellation {unknown}
 k - a potion of mutation {unknown}
 n - a potion of heal wounds {unknown}
 o - a potion of magic {unknown}
 q - a potion of brilliance {unknown}
 u - a potion of beneficial mutation {unknown}
Comestibles
 f - 3 bread rations
 p - a meat ration
 s - a slice of pizza


   Skills:
 - Level 2.1 Fighting
 + Level 6.4 Maces & Flails
 - Level 1.7 Throwing
 - Level 2.4 Dodging


You had 4 spell levels left.
You didn't know any spells.

Dungeon Overview and Level Annotations

Branches:
Dungeon (4/15)
 Temple: D:4-7

Altars:
Dithmenos
Elyvilon
Nemelex Xobeh
Zin
The Shining One

Annotations:
D:4 Shenda's ghost, amateur DrTm


Innate Abilities, Weirdness & Mutations

You are resistant to torment.
Your stone body is resilient (AC +4).
You are immune to poison.
You resist negative energy.
You are resistant to electric shocks.
You can survive without breathing.
You are immune to petrification.
You are immune to rotting.


Message History

The orc wizard is lightly wounded.
Something barely misses you. The orc wizard barely misses you.
Something hits you but does no damage.
Unknown command.
You miss the orc wizard.
The orc wizard is lightly wounded.
The orc wizard hits you but does no damage.
You hear some strange, mumbled words.
A puff of flame appears from out of thin air!
The puff of flame hits you!
* * * LOW HITPOINT WARNING * * *
Unknown command.
The orc wizard mumbles some strange words.
The orc wizard flickers and vanishes!
Unknown command.
There is an open door here.
Unknown command.
A puff of flame appears from out of thin air!
The puff of flame hits you!
You die...

###.....#######
#####.............#
....(..###........#####
.........#............##
.........#..............
.#+##...#.............. .
#..'..................
..'...)†##...#..............
..#...#....@.#..............
.........................#
....##...............#####
.... #............#### ...
..............# ..
.##............##########
#......................
.............##########
#.##......# #.


There were no monsters in sight!

Vanquished Creatures
  A hound (D:4)
  The ghost of imoen the Sneak, a weakling SpEn (D:3)
  3 worker ants (D:4)
  An adder (D:2)
  A worm (D:2)
  2 dart slugs
  A giant gecko (D:4)
  3 orcs (D:4)
  8 bats
  2 giant cockroaches
  6 goblins
  10 hobgoblins
  7 jackals
  3 kobolds
  2 quokkas (D:3)
  A ball python (D:2)
  6 giant newts
  8 rats
66 creatures vanquished.

Notes
Turn   | Place    | Note
--------------------------------------------------------------
     0 | D:1      | MDvedh the Gargoyle Gladiator began the quest for the Orb.
     0 | D:1      | Reached XP level 1. HP: 12/12 MP: 1/1
   162 | D:1      | Reached XP level 2. HP: 6/17 MP: 2/2
   766 | D:1      | Reached skill level 4 in Maces & Flails
   973 | D:1      | Reached XP level 3. HP: 20/21 MP: 3/3
  1954 | D:3      | Found a shadowy altar of Dithmenos.
  1957 | D:3      | Found a glowing golden altar of the Shining One.
  1960 | D:3      | Found a white marble altar of Elyvilon.
  1963 | D:3      | Found a glowing silver altar of Zin.
  2011 | D:3      | Reached XP level 4. HP: 26/26 MP: 4/4
  2386 | D:3      | Found a sparkling altar of Nemelex Xobeh.
  2508 | D:3      | Noticed imoen's ghost (weakling SpEn)
  2517 | D:3      | Reached skill level 5 in Maces & Flails
  2545 | D:3      | Killed imoen's ghost
  3109 | D:4      | Reached XP level 5. HP: 18/30 MP: 5/5
  3177 | D:4      | Reached skill level 6 in Maces & Flails
  3216 | D:4      | Noticed Shenda's ghost (amateur DrTm)
  4318 | D:4      | Killed from afar by an orc wizard

Skill      XL: |  1  2  3  4  5 |
---------------+----------------+-----
Maces & Flails | 4 5 6 |  6.4
Fighting       | |  2.1
Throwing       | |  1.7
Dodging        | |  2.4

Action                   |  1- 3 |  4- 6 || total
-------------------------+-------+-------++-------
Melee: Flail             |   146 |   235 ||   381
  Eat: Chunk             |     2 |     3 ||     5
       Bread ration      |     1 |     1 ||     2
Armor: Leather armour    |    59 |       ||    59
       Ring mail         |     8 |   180 ||   188
Dodge: Dodged            |   137 |   133 ||   270
